 Dungeon Crawl Stone Soup version 0.31-a0-210-gccc998df9b (webtiles) character file.

Game seed: 8206674061061724612

508 qw the Shooter (level 7, 0/41 HPs)
             Began as a Gargoyle Hexslinger on June 30, 2023.
             Slain by a gnoll bouda
             ... wielding a +0 whip
              (7 damage)
             ... on level 5 of the Dungeon.
             The game lasted 00:01:28 (3546 turns).

qw the Shooter (Gargoyle Hexslinger)                Turns: 3546, Time: 00:01:28

Health: 0/41       AC: 14    Str: 11    XL:     7   Next: 18%
Magic:  8/8        EV: 10    Int:  9    God:
Gold:   21         SH:  0    Dex: 14    Spells: 7/8 levels left

rFire   . . .        Y - +2 sling
rCold   . . .        (no shield)
rNeg    + . .        f - +0 ring mail
rPois   inf          l - +0 helmet
rElec   +            b - +0 cloak
rCorr   .            (no gloves)
SInv    .            d - +1 pair of boots
Will    .....        a - amulet of Yxoa {RegenMP rPois Regen+ Int-5}
Stlth   +            (no ring)
HPRegen 1.06/turn    (no ring)
MPRegen 0.51/turn

%: no passive effects
@: no status effects
A: sickness immunity, AC +4, negative energy resistance 1, electricity
resistance, torment resistance 1, petrification resistance
a: no special abilities


You were on level 5 of the Dungeon.
You visited 1 branch of the dungeon, and saw 5 of its levels.

You collected 151 gold pieces.
You spent 130 gold pieces at shops.


Innate Abilities, Weirdness & Mutations

You are immune to sickness and miasma.
Your stone body is resilient. (AC +4)
You are immune to poison.
You resist negative energy. (rN+)
You are resistant to electric shocks. (rElec)
You are resistant to unholy torment.
You are immune to petrification.


   Skills:
 + Level 3.6 Fighting
 - Level 6.0 Ranged Weapons
 - Level 3.1 Armour
 - Level 1.5 Dodging
 - Level 1.0 Spellcasting
 - Level 2.6 Hexes


You had 7 spell levels left.
You knew the following spells:

 Your Spells              Type           Power      Damage    Failure   Level
a - Slow                  Hex            20%        N/A       28%         1

Your spell library contained the following spells:

 Spells                   Type           Power      Damage    Failure   Level
 Inner Flame              Hex/Fire       2%         N/A       82%         3
 Portal Projectile        Hex/Tloc       4%         N/A       82%         3
 Cause Fear               Hex            2%         N/A       95%         4

Inventory:

Hand Weapons
 Y - a +2 sling (weapon)
Armour
 b - a +0 cloak (worn)
 d - a +1 pair of boots (worn)
 f - a +0 ring mail (worn)
 l - a +0 helmet (worn)
Jewellery
 a - the amulet of Yxoa (around neck) {RegenMP rPois Regen+ Int-5}
   (You acquired it on level 4 of the Dungeon)

   [amulet of magic regeneration]

   It increases your rate of magic regeneration.
   Int:       It affects your intelligence (-5).
   rPois:     It protects you from poison.
   Regen:     It increases your rate of health regeneration.
 k - a ring of ice
Scrolls
 n - a scroll of identify
Potions
 c - a potion of mutation
 g - 3 potions of curing
 m - a potion of might {unknown}
 o - a potion of cancellation

Dungeon Overview and Level Annotations

Branches:
Dungeon (5/15)
 Temple: D:4-7

Altars:
Hepliaklqana
Makhleb

Shops:
D:4 *

Annotations:
D:4 2 runed translucent doors, qw's ghost, novice MiHs


Message History

The gnoll bouda hits you but does no damage.
You shoot a sling bullet.
The sling bullet barely misses the gnoll.
The gnoll hits you with a +0 whip.
The gnoll bouda hits you with a +0 whip.
The gnoll bouda hits you but does no damage.
The gnoll barely misses you.
You shoot a sling bullet.
The sling bullet closely misses the gnoll.
The sling bullet hits the gnoll.
The gnoll is moderately wounded.
You shoot a sling bullet. The sling bullet hits the gnoll!
You kill the gnoll!
The gnoll barely misses you.
You shoot a sling bullet.
The sling bullet barely misses the gnoll.
The gnoll bouda hits you but does no damage.
The gnoll completely misses you. The gnoll closely misses you.
You shoot a sling bullet. The sling bullet hits the gnoll.
The gnoll is severely wounded.
The gnoll hits you but does no damage.
The gnoll bouda calls upon its god to heal the gnoll.
The gnoll is healed somewhat.
The gnoll hits you but does no damage. The gnoll closely misses you.
The gnoll bouda barks out a call to the hunt!
The gnolls pick up the pace!
The gnoll hits you but does no damage.
You shoot a sling bullet. The sling bullet hits the gnoll.
The gnoll is severely wounded.
The gnoll hits you with a +0 whip. The gnoll closely misses you.
The gnoll bouda closely misses you.
You shoot a sling bullet. The sling bullet hits the gnoll.
The gnoll is severely wounded.
The gnoll barely misses you. The gnoll hits you with a +0 club.
The gnoll bouda misses you.
You shoot a sling bullet. The sling bullet hits the gnoll!
You kill the gnoll!
The gnoll hits you with a +0 club.
The gnoll bouda hits you with a +0 whip!
You die...

### ##.##
#
###...##.#
.......
#)gg# #@#
#.......#
#.#######
#. #


You could see a gnoll bouda and a gnoll (swift).

Vanquished Creatures
  An ice beast (D:5)
  An ogre (D:4)
  A phantom (D:4)
  A howler monkey (D:4)
  A jelly (D:5)
  An iguana (D:4)
  Terence (D:3)
  5 gnolls
  2 adders (D:3)
  An ufetubus (D:5)
  A dart slug (D:2)
  3 orcs (D:3)
  8 ball pythons
  5 bats
  7 endoplasms
  4 giant cockroaches
  2 goblins (D:1)
  7 hobgoblins
  2 jackals (D:4)
  6 kobolds
  5 quokkas
  4 frilled lizards
  6 rats
75 creatures vanquished.

Notes
Turn   | Place    | Note
-------+----------+-------------------------------------------
     0 | D:1      | qw the Gargoyle Hexslinger began the quest for the Orb.
     0 | D:1      | Reached XP level 1. HP: 12/12 MP: 2/2
     0 | D:1      | 0 ||| qw: Version: 0.3-a-26-gee661ec
     0 | D:1      | 0 ||| qw: Game counter: 7275
     0 | D:1      | 0 ||| qw: Melee chars always use a shield: true
     0 | D:1      | 0 ||| qw: God list: Okawaru
     0 | D:1      | 0 ||| qw: Allow faded altars: false
     0 | D:1      | 0 ||| qw: Do Orc after clearing Dungeon:15 true
     0 | D:1      | 0 ||| qw: Do second Lair branch before Depths: true
     0 | D:1      | 0 ||| qw: Lair rune preference: random
     0 | D:1      | 0 ||| qw: Goals: Normal
     0 | D:1      | 0 ||| PLANNING D:1-11
    14 | D:1      | Noticed a killer bee
    14 | D:1      | Noticed a black mamba
    14 | D:1      | Noticed a lindwurm
    15 | D:1      | Noticed a wyvern
   147 | D:1      | Reached XP level 2. HP: 16/16 MP: 3/3
   260 | D:1      | Reached skill level 3 in Ranged Weapons
   783 | D:1      | Reached XP level 3. HP: 21/21 MP: 4/4
   807 | D:1      | 807 ||| UPGRADING to +0 pair of boots.
   812 | D:1      | 812 ||| READING scroll labelled GUUF DUMAEFU.
   813 | D:1      | 813 ||| READING 2 scrolls labelled UQETEF BOKHLEXUE.
   814 | D:1      | 814 ||| READING scroll of enchant armour.
   814 | D:1      | 814 ||| ENCHANTING +0 pair of boots.
   815 | D:1      | 815 ||| READING 2 scrolls labelled ITAECS ANUREY.
   818 | D:1      | 818 ||| READING scroll labelled QUETOO SEMN.
   819 | D:1      | 819 ||| DROPPING scroll of poison.
   852 | D:2      | Found a hazy altar of Hepliaklqana.
  1184 | D:2      | 1184 ||| UPGRADING to +0 leather armour.
  1194 | D:2      | 1194 ||| UPGRADING to +0 cloak.
  1199 | D:2      | 1199 ||| DROPPING +0 robe.
  1200 | D:2      | 1200 ||| UPGRADING to +0 helmet.
  1205 | D:2      | 1205 ||| READING scroll labelled WAILOSUAHA.
  1206 | D:2      | 1206 ||| READING 2 scrolls labelled QIBA OL PUGU.
  1207 | D:2      | 1207 ||| READING 2 scrolls labelled KORUXAE FAOMM.
  1208 | D:2      | 1208 ||| READING scroll labelled HYF OGACRAEBEI.
  1209 | D:2      | 1209 ||| READING scroll labelled ROUCLABIUGH.
  1210 | D:2      | 1210 ||| DROPPING scroll of noise.
  1246 | D:3      | Reached XP level 4. HP: 17/26 MP: 5/5
  1292 | D:3      | Reached skill level 4 in Ranged Weapons
  1400 | D:3      | Reached skill level 1 in Armour
  1600 | D:3      | Noticed Terence
  1611 | D:3      | Killed Terence
  1612 | D:3      | Reached XP level 5. HP: 17/30 MP: 6/6
  2245 | D:3      | 2245 ||| UPGRADING to +0 ring mail.
  2255 | D:3      | 2255 ||| DROPPING +0 leather armour.
  2256 | D:3      | 2256 ||| DRINKING 2 yellow potions.
  2257 | D:3      | 2257 ||| READING 2 scrolls of identify.
  2257 | D:3      | 2257 ||| IDENTIFYING fizzy yellow potion
  2392 | D:4      | Reached skill level 5 in Ranged Weapons
  2473 | D:4      | Noticed a phantom
  2510 | D:4      | Killed a phantom
  2511 | D:4      | Reached skill level 3 in Fighting
  2511 | D:4      | Reached XP level 6. HP: 27/37 MP: 7/7
  2657 | D:4      | Found Bate's General Store.
  2660 | D:4      | 2660 ||| SHOPLISTING amulet of the acrobat (390 gold, have
                  | 141).
  2660 | D:4      | 2660 ||| BUYING potion of cancellation (104 gold).
  2660 | D:4      | Bought a potion of cancellation for 104 gold pieces
  2660 | D:4      | 2660 ||| BUYING scroll of identify (26 gold).
  2660 | D:4      | Bought a scroll of identify for 26 gold pieces
  2722 | D:4      | Found a burning altar of Makhleb.
  2752 | D:4      | Found a large runed translucent door.
  2759 | D:4      | Found a large runed translucent door.
  2878 | D:4      | Noticed qw's ghost (novice MiHs)
  3142 | D:4      | 3142 ||| UPGRADING to amulet of guardian spirit.
  3147 | D:4      | 3147 ||| READING scroll labelled EZXOPA NOWK.
  3147 | D:4      | Identified a scroll of acquirement
  3147 | D:4      | 3147 ||| ACQUIRING amulet of Yxoa {RegenMP rPois Regen+
                  | Int-5}
  3147 | D:4      | Acquired the amulet of Yxoa {RegenMP rPois Regen+ Int-5}
  3149 | D:4      | 3149 ||| UPGRADING to amulet of Yxoa {RegenMP rPois Regen+
                  | Int-5}.
  3159 | D:4      | 3159 ||| DROPPING amulet of guardian spirit.
  3160 | D:4      | 3160 ||| READING 4 scrolls of identify.
  3160 | D:4      | 3160 ||| IDENTIFYING fizzy inky potion
  3161 | D:4      | 3161 ||| READING 3 scrolls of identify.
  3161 | D:4      | 3161 ||| IDENTIFYING fuming ruby potion
  3162 | D:4      | 3162 ||| READING 2 scrolls of identify.
  3162 | D:4      | 3162 ||| IDENTIFYING dark potion
  3163 | D:4      | 3163 ||| DROPPING potion of lignification.
  3164 | D:4      | 3164 ||| DROPPING potion of invisibility.
  3165 | D:4      | 3165 ||| DROPPING potion of brilliance.
  3193 | D:5      | Entered Level 5 of the Dungeon
  3199 | D:5      | Reached skill level 6 in Ranged Weapons
  3199 | D:5      | 3199 ||| STAIRDANCE
  3324 | D:5      | Noticed an ice beast
  3338 | D:5      | Killed an ice beast
  3339 | D:5      | Reached skill level 3 in Armour
  3339 | D:5      | Reached XP level 7. HP: 41/41 MP: 8/8
  3414 | D:5      | HP: 10/41 [phantom (5)]
  3415 | D:5      | 3415 ||| READING scroll of teleportation.
  3531 | D:5      | HP: 10/41 [wight/+1 morningstar of draining (5)]
  3532 | D:5      | 3532 ||| READING scroll of teleportation.
  3539 | D:5      | HP: 8/41 [gnoll bouda/+0 whip (4)]
  3545 | D:5      | HP: 10/41 [gnoll/+0 club[a gnoll bouda] (3)]
  3546 | D:5      | Slain by a gnoll bouda

Levels and vault maps discovered:
D:1:      onia_arrival_zoo_common, layout_basic
D:2:      layout_rooms, basic_altar
D:3:      layout_basic, serial_glass, glass_columns_a, glass_columns_a,
          glass_columns_c, glass_columns_a, glass_columns_a, glass_columns_b,
          glass_columns_b, glass_columns_b, uniq_terence
D:4:      layout_loops_ring, bloody_makhleb, serial_shops,
          nicolae_shop_behind_doors, ebering_ghost_disaster_area, serial_forest,
          infiniplex_forest_corner_1, infiniplex_forest_end_2,
          infiniplex_forest_lined_room_2, infiniplex_forest_lined_room_,
          infiniplex_forest_clump_curved, infiniplex_forest_3_way,
          infiniplex_forest_lined_room_3, infiniplex_forest_clump_small
D:5:      layout_loops_corners, mainiacjoe_overflow_alcove_4,
          kennysheep_generic_room_5

Skill      XL: |  1  2  3  4  5  6 |
---------------+-------------------+-----
Ranged Weapons | 3 4 5 6 |  6.0
Fighting       | 2 3 |  3.6
Armour         | 1 3 |  3.1
Dodging        | |  1.5
Spellcasting   | |  1.0
Hexes          | |  2.6

Action                     |  1- 3 |  4- 6 |  7- 9 || total
---------------------------+-------+-------+-------++-------
   Fire: Sling             |    96 |   197 |    65 ||   358
    Use: Scroll            |    10 |     5 |     2 ||    17
         Potion            |       |     1 |       ||     1
 Armour: Robe              |    10 |       |       ||    10
         Leather armour    |     4 |    10 |       ||    14
         Ring mail         |       |    52 |    41 ||    93
  Dodge: Dodged            |    24 |    65 |    58 ||   147

Table legend:
 A = Non-vault XP
 B = Vault XP
 C = Vault XP percentage of total XP
 D = Non-vault monster count
 E = Vault monster count
 F = Vault count percentage of total count
                 A         B        C        D         E       F
            +---------+---------+-------+---------+---------+-------
      Total |     706 |      36 |   4.9 |      74 |       1 |   1.3
            +---------+---------+-------+---------+---------+-------
        D:1 |      34 |       0 |   0.0 |      21 |       0 |   0.0
        D:2 |      21 |       0 |   0.0 |      11 |       0 |   0.0
        D:3 |     101 |      36 |  26.3 |      22 |       1 |   4.3
        D:4 |     341 |       0 |   0.0 |      15 |       0 |   0.0
        D:5 |     209 |       0 |   0.0 |       5 |       0 |   0.0
            +---------+---------+-------+---------+---------+-------
